 Dungeon Sprint DCSS version 0.17-a0-1685-g57e755e (webtiles) character file.

521840 Kidiri the Invulnerable (level 21, -11/222 (224) HPs)
             Began as a Minotaur Fighter on Aug 19, 2015.
             Was the Champion of the Shining One.
             Engulfed by Lom Lobon's freezing vapour (37 damage)
             ... in the Dungeon (Sprint IX: "|||||||||||||||||||||||||||||").
             The game lasted 01:07:46 (28298 turns).

Kidiri the Invulnerable (Minotaur Fighter)         Turns: 28298, Time: 01:07:46

HP:   -11/222 (224) AC: 33    Str: 34    XL:     21   Next: 48%
MP:   38/38         EV: 32    Int:  3    God:    the Shining One [******]
Gold: 1548          SH: 35    Dex: 22    Spells: 0 memorised, 49 levels left

rFire  . . .     SeeInvis .     X - +2 eveningstar (holy)
rCold  x . .     Clarity  .     l - +1 plate armour of Ulaec {rPois rC- rCorr}
rNeg   + + +     SustAt   .     Q - +6 large shield
rPois  +         Gourm    +     (helmet restricted)
rElec  .         Spirit   .     r - +1 cloak
rCorr  +         Warding  .     a - +2 pair of gloves
rMut   .         NoTele   +     B - +1 pair of boots
MR     +++..                    O - amulet of Daisies {Gourm rPois MR++ Str+3 Int-2}
Stlth  +.........               I - +6 ring of strength
                                q - +6 ring of dexterity

@: frozen, glowing, very slow, extremely resistant to hostile enchantments, very
unstealthy
A: retaliatory headbutt, horns 2
a: Divine Shield, Cleansing Flame, Summon Divine Warrior, Brand Weapon With Holy
Wrath, Renounce Religion
}: 9/15 runes: decaying, serpentine, barnacled, slimy, elven, silver, golden,
abyssal, gossamer


You were in the Dungeon.
You worshipped the Shining One.
The Shining One was exalted by your worship.
You were not hungry.

You visited 1 branch You collected 1988 gold pieces.
You spent 440 gold pieces at shops.

Inventory:

Hand weapons
 C - a +7 demon whip of draining
 X - a +2 eveningstar of holy wrath (weapon)
Missiles
 u - 7 steel tomahawks (quivered)
 y - 6 silver tomahawks
Armour
 a - a +2 pair of gloves (worn)
 l - the +1 plate armour of Ulaec (worn) {rPois rC- rCorr}
   (Okawaru gifted it to you in the Dungeon)

   It makes you vulnerable to cold.
   It protects you from poison.
   It protects you from acid and corrosion.
 r - a +1 cloak (worn)
 B - a +1 pair of boots (worn)
 Q - a +6 large shield (worn)
Jewellery
 c - a +3 ring of strength
 q - a +6 ring of dexterity (left hand)
 s - the ring of Tosuatwe {rN+ AC+3 Int+4 Dex-5}
   (You found it in the Dungeon)

   [ring of protection]

   It affects your AC (+3).
   It affects your intelligence (+4).
   It affects your dexterity (-5).
   It protects you from negative energy.
 D - the amulet "Caggyddu" {Gourm *Contam rN+ Str+2 Stlth+}
   (You found it in the Dungeon)

   [amulet of the gourmand]

   It allows you to eat raw meat even when not hungry.
   It affects your strength (+2).
   It protects you from negative energy.
   It causes magical contamination when unequipped.
   It makes you more stealthy.
 E - an uncursed ring of positive energy
 F - an uncursed ring of see invisible
 I - a +6 ring of strength (right hand)
 K - a +4 ring of protection
 M - the ring "Taliamee" {MP+9 Str+2 Stlth-}
   (You found it in the Dungeon)

   [ring of loudness]

   It affects your strength (+2).
   It affects your magic capacity (+9).
   It makes you less stealthy.
 O - the amulet of Daisies (around neck) {Gourm rPois MR++ Str+3 Int-2}
   (You found it in the Dungeon)

   [amulet of the gourmand]

   It allows you to eat raw meat even when not hungry.
   It affects your strength (+3).
   It affects your intelligence (-2).
   It protects you from poison.
   It affects your resistance to hostile enchantments.
 P - the amulet of Zosium {Faith *Corrode rElec Str+8 Stlth-}
   (You found it in the Dungeon)

   [amulet of faith]

   It allows you to gain divine favour quickly.
   It affects your strength (+8).
   It insulates you from electricity.
   It may corrode your equipment when you take damage.
   It makes you less stealthy.
Magical devices
 p - a wand of cold (6)
 T - a wand of hasting (5)
Scrolls
 k - 4 scrolls of blinking
 n - 7 scrolls of remove curse
 o - 2 scrolls of amnesia
 v - 2 scrolls of identify
 w - 5 scrolls of recharging
 x - a scroll of fear
 J - 3 scrolls of fog
Potions
 f - 9 potions of curing
 h - 2 potions of haste
 i - 4 potions of magic
 j - 3 potions of berserk rage
 m - a potion of invisibility
 t - a potion of agility
 G - 4 potions of brilliance
Comestibles
 z - 33 fruits
 A - 10 meat rations


   Skills:
 O Level 27 Fighting
 O Level 27 Maces & Flails
 O Level 27 Throwing
 O Level 27 Armour
 O Level 27 Dodging
 + Level 18.5 Stealth
 O Level 27 Shields
 + Level 21.3 Unarmed Combat
 + Level 14.8 Spellcasting
 O Level 27 Invocations
 O Level 27 Evocations


You had 49 spell levels left.
You didn't know any spells.

Dungeon Overview and Level Annotations

Branches:
Dungeon (1/1)

Altars:
Cheibriados
Dithmenos
Elyvilon
Fedhas
Gozag
Kikubaaqudgha
Makhleb
Nemelex Xobeh
Okawaru
Qazlal
Ru
Sif Muna
Trog
Vehumet
Xom
Yredelemnul
Zin
The Shining One
Beogh
Jiyva
Lugonu

Shops:
D (=(%

Annotations:
D Antaeus, Gloorx Vloq, Lom Lobon


Innate Abilities, Weirdness & Mutations

You reflexively headbutt those who attack you in melee.
You have a pair of horns on your head.


Message History

There is an open door to Hell & Pan here.
Unknown command.
You are engulfed in freezing vapours.
Gloorx Vloq calls on the powers of darkness!
Your body is wracked with pain!
* * * LOW HITPOINT WARNING * * *
Lom Lobon gestures. 2 ball lightnings come into view.
Unknown command.
You are engulfed in freezing vapours.
* * * LOW HITPOINT WARNING * * *
Gloorx Vloq calls on the powers of darkness!
Your body is wracked with pain!
* * * LOW HITPOINT WARNING * * *
Antaeus gestures at you.
The bolt of lightning hits the ball lightning.
The ball lightning completely resists.
The bolt of lightning misses you.
Gloorx Vloq moans, "Embrace thy fall, thou pecksniffian bat-fowling whey-face!"
You are engulfed in freezing vapours.
You die...

▓.▓.▓.▓.▓)▓.▓.▓.▓.
▓.▓.▓.▓.▓)▓.▓'▓.▓.
▓.▓.▓.▓.▓)▓.▓.▓.▓'
▓.▓.▓.▓.▓(▓.▓)▓.▓.
▓.▓.▓.▓.▓)▓.▓.▓.▓.
▓.▓.▓.▓.▓)▓.▓[▓.▓[
▓.▓.▓.▓.▓.▓.▓.▓.▓.
▓.▓.▓'▓.▓.▓.▓.▓.▓.
▓@▓.▓.▓.▓.▓.▓.▓.▓.
▓§▓.▓.▓.▓.▓.▓.▓.▓.
▓§▓.▓.▓.▓'▓.▓.▓.▓.
▓*▓.▓.▓.▓.▓.▓.▓.▓'
▓§▓.▓.▓.▓.▓.▓.▓.▓)
▓§▓.▓.▓.▓.▓.▓.▓.▓)
▓C▓.▓.▓.▓.▓.▓.▓.▓)
▓&▓.▓.▓.▓.▓.▓.▓.▓)
▓&▓.▓.▓.▓.▓.▓.▓.▓)


You could see Antaeus, Lom Lobon and a ball lightning (wandering).

Vanquished Creatures
  the royal jelly (D)
  2 orbs of fire (D)
  Mara (D)
  Mennas (D)
  4 ancient liches (D)
  4 greater mummies (D)
  Boris (D)
  Frederick (D)
  Margery (D)
  Norris (D)
  Saint Roka (D)
  3 Killer Klowns (D)
  A curse toe (D)
  Geryon (D)
  4 golden dragons (D)
  Nikola (D)
  Jory (D)
  Xtahua (D)
  A bone dragon (D)
  5 liches (D)
  2 electric golems (D)
  5 tentacled monstrosities (D)
  27 Orb Guardians (D)
  A deep elf blademaster (D)
  13 acid blobs (D)
  4 deep elf master archers (D)
  A death cob (D)
  7 titans (D)
  2 tentacled starspawn (D)
  6 shadow dragons (D)
  3 storm dragons (D)
  12 sphinxes (D)
  10 azure jellies (D)
  Ilsuiw (D)
  5 greater nagas (D)
  5 fire giants (D)
  An orc warlord (D)
  4 frost giants (D)
  A draconian scorcher (D)
  Louise (D)
  A vault warden (D)
  3 emperor scorpions (D)
  2 deep elf sorcerers (D)
  3 ghost moths (D)
  2 ironheart preservers (D)
  A draconian annihilator (D)
  7 vampire knights (D)
  8 stone giants (D)
  2 draconian callers (D)
  2 deep elf demonologists (D)
  3 green draconians (D)
  4 black draconians (D)
  A red draconian (D)
  3 purple draconians (D)
  A yellow draconian (D)
  2 mottled draconians (D)
  5 white draconians (D)
  8 death oozes (D)
  8 merfolk javelineers (D)
  3 ettins (D)
  5 mummy priests (D)
  25 vault guards (D)
  3 yaktaur captains (D)
  2 merfolk impalers (D)
  2 minotaurs (D)
  7 fire dragons (D)
  7 deep elf high priests (D)
  2 rakshasas (D)
  2 entropy weavers (D)
  7 ice dragons (D)
  7 hydras (D)
  8 naga warriors (D)
  Erolcha (D)
  3 centaur warriors (D)
  A merfolk avatar (D)
  5 ogre magi (D)
  A thrashing horror (D)
  3 merfolk aquamancers (D)
  A sun demon (D)
  2 naga sharpshooters (D)
  A wretched star (D)
  4 hell knights (D)
  A salamander mystic (D)
  A sea snake (D)
  A death drake (shapeshifter) (D)
  2 flayed ghosts (D)
  An unseen horror (D)
  10 swamp dragons (D)
  7 orc knights (D)
  2 giant orange brains (D)
  2 hill giants (D)
  A harpy (D)
  3 ironbrand convokers (D)
  An orb spider (shapeshifter) (D)
  A harpy (shapeshifter) (D)
  3 necromancers (D)
  6 wolf spiders (D)
  A manticore (D)
  4 ugly things (D)
  An orb spider (D)
  2 orc sorcerers (D)
  A mana viper (D)
  6 moths of wrath (D)
  2 cyclopes (D)
  2 griffons (D)
  3 black mambas (D)
  A siren (D)
  Maurice (D)
  Joseph (D)
  3 naga magi (D)
  An elephant (D)
  A spiny frog (D)
  2 vault sentinels (D)
  A gargoyle (D)
  4 yaktaurs (D)
  An efreet (D)
  A tengu conjurer (D)
  4 demonic crawlers (D)
  A troll (shapeshifter) (D)
  19 guardian mummies (D)
  3 freezing wraiths (D)
  2 ancient zymes (D)
  A troll (D)
  3 jumping spiders (D)
  17 merfolk (D)
  A slime creature (D)
  A giant leech (D)
  6 two-headed ogres (D)
  2 boulder beetles (D)
  2 redbacks (D)
  A snapping turtle (D)
  11 spriggans (D)
  2 yaks (D)
  A water elemental (D)
  2 golden eyes (D)
  A human (shapeshifter) (D)
  A tarantella (D)
  Eustachio (D)
  A large abomination (D)
  A basilisk (D)
  A small abomination (D)
  A hungry ghost (D)
  2 mottled dragons (D)
  A hippogriff (D)
  A deep elf fighter (D)
  3 wyverns (D)
  4 wolves (D)
  4 wargs (D)
  A vampire mosquito (D)
  5 nagas (D)
  5 porcupines (D)
  14 orc warriors (D)
  2 swamp drakes (D)
  A spider (D)
  A boggart (D)
  5 ogres (D)
  An eye of draining (D)
  2 wasps (D)
  3 crocodiles (D)
  2 centaurs (D)
  2 giant frogs (D)
  A brain worm (D)
  2 crimson imps (D)
  3 orc priests (D)
  A hound (D)
  2 jellies (D)
  2 orc wizards (D)
  A hell rat (D)
  A worker ant (D)
  An iguana (D)
  A giant eyeball (D)
  An adder simulacrum (D)
  A giant gecko (D)
  10 orcs (D)
  A giant cockroach (D)
  2 goblins (D)
  2 bats (D)
  A giant cockroach zombie (D)
  A quokka (D)
  A rat (D)
  5 crawling corpses (D)
  A starspawn tentacle (D)
582 creatures vanquished.

Vanquished Creatures (collateral kills)
  A minotaur (D)
  3 merfolk (D)
4 creatures vanquished.

Vanquished Creatures (others)
  A mottled draconian (D)
  A merfolk aquamancer (D)
  A tengu warrior (D)
  A wandering mushroom (D)
  A giant frog (D)
  An orc wizard (D)
  A starspawn tentacle (D)
7 creatures vanquished.

Grand Total: 593 creatures vanquished

Notes
Turn   | Place    | Note
--------------------------------------------------------------
     0 | D        | Kidiri the Minotaur Fighter began the quest for the Orb.
     0 | D        | Reached XP level 1. HP: 19/19 MP: 0/0
     8 | D        | Reached skill level 4 in Armour
   187 | D        | Noticed a centaur
   187 | D        | Noticed a crimson imp
   189 | D        | Killed a centaur
   189 | D        | Reached skill level 5 in Fighting
   189 | D        | Reached skill level 5 in Maces & Flails
   189 | D        | Reached skill level 5 in Armour
   189 | D        | Reached skill level 6 in Shields
   189 | D        | Reached XP level 2. HP: 25/29 MP: 1/1
   189 | D        | Reached XP level 3. HP: 31/36 MP: 2/2
   189 | D        | Reached XP level 4. HP: 36/42 MP: 3/3
   201 | D        | Killed a crimson imp
   211 | D        | Found a glowing silver altar of Zin.
   211 | D        | Found a glowing golden altar of the Shining One.
   211 | D        | Found an ancient bone altar of Kikubaaqudgha.
   211 | D        | Found a basalt altar of Yredelemnul.
   211 | D        | Found a shimmering altar of Xom.
   211 | D        | Found a radiant altar of Vehumet.
   212 | D        | Found an iron altar of Okawaru.
   213 | D        | Found a burning altar of Makhleb.
   214 | D        | Found a deep blue altar of Sif Muna.
   215 | D        | Found a bloodstained altar of Trog.
   216 | D        | Found a sparkling altar of Nemelex Xobeh.
   217 | D        | Found a white marble altar of Elyvilon.
   218 | D        | Found a roughly hewn altar of Beogh.
   219 | D        | Found a viscous altar of Jiyva.
   220 | D        | Became a worshipper of Warmaster Okawaru
   221 | D        | Found a corrupted altar of Lugonu.
   222 | D        | Found a blossoming altar of Fedhas.
   223 | D        | Found a snail-covered altar of Cheibriados.
   224 | D        | Found a shadowy altar of Dithmenos.
   225 | D        | Found a stormy altar of Qazlal.
   226 | D        | Found an opulent altar of Gozag.
   227 | D        | Found a sacrificial altar of Ru.
   398 | D        | Noticed a jelly
   398 | D        | Noticed a jelly
   398 | D        | Noticed a centaur
   398 | D        | Noticed a hound
   398 | D        | Noticed a troll
   399 | D        | Killed a jelly
   399 | D        | Reached skill level 7 in Armour
   399 | D        | Reached skill level 1 in Invocations
   399 | D        | Reached XP level 5. HP: 47/50 MP: 4/4
   402 | D        | Killed a jelly
   406 | D        | Killed a centaur
   406 | D        | Reached skill level 8 in Armour
   410 | D        | Killed a hound
   410 | D        | Reached XP level 6. HP: 52/58 MP: 4/6
   414 | D        | Killed a troll
   414 | D        | Acquired Okawaru's first power
   414 | D        | Reached skill level 9 in Maces & Flails
   414 | D        | Reached skill level 5 in Dodging
   552 | D        | Noticed a mottled dragon
   552 | D        | Noticed a wyvern
   552 | D        | Noticed a crimson imp
   552 | D        | Noticed a white ugly thing
   552 | D        | Noticed a worker ant
   556 | D        | Killed a mottled dragon
   556 | D        | Reached XP level 7. HP: 66/66 MP: 5/9
   558 | D        | Killed a wyvern
   558 | D        | Reached skill level 10 in Armour
   558 | D        | Reached skill level 10 in Shields
   574 | D        | Killed a crimson imp
   575 | D        | Killed an unseen horror
   575 | D        | Reached skill level 10 in Maces & Flails
   575 | D        | Reached skill level 11 in Armour
   575 | D        | Reached skill level 5 in Invocations
   575 | D        | Reached XP level 8. HP: 59/75 MP: 6/10
   585 | D        | Killed a white ugly thing
   587 | D        | Killed a worker ant
   593 | D        | Gained mutation: Your spells are a little easier to cast, but a little less powerful. [mutagenic meat]
   713 | D        | Noticed a porcupine
   713 | D        | Noticed an iguana
   713 | D        | Noticed a crocodile
   713 | D        | Noticed a porcupine
   713 | D        | Noticed a spiny frog
   713 | D        | Noticed a giant frog
   716 | D        | Killed a porcupine
   718 | D        | Killed an iguana
   722 | D        | Killed a crocodile
   725 | D        | Killed a porcupine
   725 | D        | Received a gift from Okawaru
   725 | D        | Reached skill level 12 in Armour
   725 | D        | Reached XP level 9. HP: 71/83 MP: 10/12
   727 | D        | Killed a spiny frog
   729 | D        | Killed a giant frog
   731 | D        | Noticed a yak
   732 | D        | Noticed an elephant
   735 | D        | Noticed a hippogriff
   743 | D        | Killed a yak
   748 | D        | Killed an elephant
   751 | D        | Killed a hippogriff
   766 | D        | Noticed a crocodile
   766 | D        | Noticed a yak
   766 | D        | Noticed a hell rat
   766 | D        | Noticed a giant frog
   766 | D        | Noticed a porcupine
   766 | D        | Noticed a porcupine
   768 | D        | Killed a crocodile
   769 | D        | Noticed a crocodile
   772 | D        | Killed a yak
   772 | D        | Reached skill level 13 in Armour
   774 | D        | Killed a hell rat
   775 | D        | Noticed a porcupine
   779 | D        | Killed a giant frog
   780 | D        | Killed a porcupine
   780 | D        | Reached skill level 10 in Fighting
   784 | D        | Killed a porcupine
   784 | D        | Acquired Okawaru's second power
   787 | D        | Killed a crocodile
   790 | D        | Killed a porcupine
   967 | D        | Noticed a basilisk
   998 | D        | Killed a basilisk
  1008 | D        | Noticed a warg
  1008 | D        | Noticed a wolf
  1008 | D        | Noticed a warg
  1008 | D        | Noticed a warg
  1010 | D        | Noticed a wolf
  1011 | D        | Noticed a warg
  1014 | D        | Noticed a wolf
  1019 | D        | Killed a warg
  1022 | D        | Killed a warg
  1022 | D        | Reached XP level 10. HP: 93/93 MP: 14/14
  1025 | D        | Noticed a wolf
  1025 | D        | Killed a warg
  1028 | D        | Killed a warg
  1029 | D        | Killed a wolf
  1031 | D        | Killed a wolf
  1038 | D        | Killed a wolf
  1041 | D        | Killed a wolf
  1110 | D        | Noticed Joseph
  1119 | D        | Killed Joseph
  1119 | D        | Reached skill level 14 in Armour
  1178 | D        | Noticed Erolcha
  1193 | D        | Killed Erolcha
  1288 | D        | Noticed an orc priest
  1288 | D        | Noticed an orc wizard
  1288 | D        | Noticed an orc warrior
  1288 | D        | Noticed an orc knight
  1289 | D        | Noticed an orc priest
  1290 | D        | Noticed an orc warrior
  1292 | D        | Killed an orc priest
  1294 | D        | Killed an orc wizard
  1295 | D        | Noticed an orc knight
  1306 | D        | Killed an orc knight
  1306 | D        | Received a gift from Okawaru
  1308 | D        | Noticed an orc wizard
  1318 | D        | Killed an orc warrior
  1320 | D        | Noticed an orc priest
  1322 | D        | Killed an orc warrior
  1331 | D        | Killed an orc knight
  1335 | D        | Killed an orc priest
  1343 | D        | Killed an orc wizard
  1347 | D        | Killed an orc priest
  1575 | D        | Noticed an orc warrior
  1575 | D        | Noticed an orc knight
  1575 | D        | Noticed an orc warrior
  1575 | D        | Noticed an orc knight
  1575 | D        | Noticed an orc warrior
  1577 | D        | Noticed an orc knight
  1577 | D        | Killed an orc warrior
  1585 | D        | Killed an orc knight
  1585 | D        | Reached skill level 15 in Armour
  1586 | D        | Noticed an orc warrior
  1589 | D        | Noticed an orc warrior
  1596 | D        | Killed an orc knight
  1596 | D        | Reached skill level 15 in Shields
  1596 | D        | Reached XP level 11. HP: 102/102 MP: 9/16
  1603 | D        | Noticed an orc warrior
  1608 | D        | Noticed an orc warrior
  1608 | D        | Killed an orc knight
  1608 | D        | Reached skill level 15 in Maces & Flails
  1612 | D        | Killed an orc warrior
  1613 | D        | Noticed an orc warrior
  1618 | D        | Killed an orc warrior
  1618 | D        | Reached skill level 10 in Dodging
  1625 | D        | Killed an orc warrior
  1630 | D        | Killed an orc warrior
  1636 | D        | Killed an orc warrior
  1639 | D        | Killed an orc warrior
  1645 | D        | Killed an orc warrior
  1800 | D        | Found Kijuis's Weapon Emporium.
  1800 | D        | Noticed an ogre
  1800 | D        | Noticed a two-headed ogre
  1800 | D        | Noticed a two-headed ogre
  1800 | D        | Noticed an ogre
  1800 | D        | Noticed a two-headed ogre
  1801 | D        | Noticed a two-headed ogre
  1803 | D        | Noticed a two-headed ogre
  1806 | D        | Killed a two-headed ogre
  1809 | D        | Killed a two-headed ogre
  1811 | D        | Noticed an ogre mage
  1811 | D        | Found Ylatus's Jewellery Shoppe.
  1813 | D        | Killed a two-headed ogre
  1813 | D        | Received a gift from Okawaru
  1816 | D        | Killed an ogre
  1819 | D        | Noticed an ogre
  1822 | D        | Killed a two-headed ogre
  1825 | D        | Killed a two-headed ogre
  1828 | D        | Killed an ogre
  1829 | D        | Found Bellux Rofae's Weapon Emporium.
  1832 | D        | Killed an ogre mage
  1834 | D        | Killed an ogre
  1835 | D        | Found Gasaj's Food Shoppe.
  1838 | D        | Noticed an ogre
  1839 | D        | Noticed an ogre
  1840 | D        | Noticed a two-headed ogre
  1841 | D        | Noticed an ogre mage
  1843 | D        | Killed an ogre
  1846 | D        | Killed a two-headed ogre
  1846 | D        | Reached skill level 16 in Armour
  1853 | D        | Killed an ogre mage
  1856 | D        | Killed an ogre
  1917 | D        | Bought a +3 demon whip of draining for 440 gold pieces
  1944 | D        | Noticed Maurice
  1946 | D        | Noticed Eustachio
  1957 | D        | Killed Eustachio
  1964 | D        | Killed Maurice
  2096 | D        | Noticed a wyvern
  2096 | D        | Noticed a centaur warrior
  2096 | D        | Noticed a vampire mosquito
  2096 | D        | Noticed a hill giant
  2096 | D        | Noticed a hungry ghost
  2100 | D        | Killed a wyvern
  2101 | D        | Noticed an orc warrior
  2103 | D        | Noticed a tengu conjurer
  2106 | D        | Killed a centaur warrior
  2107 | D        | Noticed an entropy weaver
  2112 | D        | Killed a vampire mosquito
  2115 | D        | Killed a hill giant
  2116 | D        | Noticed a purple ugly thing
  2123 | D        | Killed a hungry ghost
  2124 | D        | Noticed a rakshasa
  2126 | D        | Killed an orc warrior
  2132 | D        | Killed a tengu conjurer
  2150 | D        | Killed an entropy weaver
  2150 | D        | Reached skill level 10 in Invocations
  2161 | D        | Killed a red ugly thing
  2173 | D        | Noticed an ettin
  2175 | D        | Noticed an ettin
  2178 | D        | Killed a red ugly thing
  2179 | D        | Noticed a fire giant
  2185 | D        | Noticed a frost giant
  2192 | D        | Noticed a boggart
  2193 | D        | Killed a rakshasa
  2193 | D        | Reached skill level 17 in Armour
  2193 | D        | Reached XP level 12. HP: 75/113 MP: 10/18
  2198 | D        | Killed an ettin
  2206 | D        | Killed a fire giant
  2206 | D        | Received a gift from Okawaru
  2221 | D        | Killed a frost giant
  2230 | D        | Killed a boggart
  2262 | D        | Gained mutation: Your flesh is cold resistant. [mutagenic meat]
  2263 | D        | Gained mutation: You have a pair of large horns on your head. [mutagenic meat]
  2265 | D        | Gained mutation: You are partially covered in slimy green scales (AC +2). [mutagenic meat]
  2578 | D        | Noticed a black mamba
  2578 | D        | Noticed a naga warrior
  2578 | D        | Noticed a naga mage
  2578 | D        | Noticed a black mamba
  2578 | D        | Noticed a greater naga
  2578 | D        | Noticed a black mamba
  2584 | D        | Killed a black mamba
  2585 | D        | Noticed a naga warrior
  2601 | D        | Killed a naga mage
  2602 | D        | Noticed a mana viper
  2603 | D        | Noticed a naga sharpshooter
  2603 | D        | Killed a naga warrior
  2610 | D        | Killed a greater naga
  2610 | D        | Reached skill level 18 in Armour
  2621 | D        | Killed a black mamba
  2621 | D        | Received a gift from Okawaru
  2622 | D        | Got a sapphire-encrusted plate armour {god gift}
  2623 | D        | Killed a black mamba
  2636 | D        | Killed a naga warrior
  2639 | D        | Killed a mana viper
  2645 | D        | Killed a naga sharpshooter
  2657 | D        | Identified the +1 plate armour of Ulaec {rPois rC- rCorr} (Okawaru gifted it to you in the Dungeon)
  2697 | D        | Noticed a wolf spider
  2697 | D        | Noticed a wolf spider
  2697 | D        | Noticed an orb spider
  2697 | D        | Noticed a demonic crawler
  2697 | D        | Noticed a tarantella
  2697 | D        | Noticed a jumping spider
  2701 | D        | Noticed a spider
  2702 | D        | Killed a wolf spider
  2704 | D        | Noticed a redback
  2710 | D        | Killed a wolf spider
  2714 | D        | Killed an orb spider
  2715 | D        | Noticed a wolf spider
  2719 | D        | Killed a demonic crawler
  2723 | D        | Killed a tarantella
  2726 | D        | Killed a spider
  2730 | D        | Killed a redback
  2735 | D        | Killed a wolf spider
  2743 | D        | Killed a jumping spider
  2765 | D        | Noticed a swamp dragon
  2765 | D        | Noticed a swamp dragon
  2765 | D        | Noticed a swamp dragon
  2765 | D        | Noticed a five-headed hydra
  2765 | D        | Noticed a wasp
  2765 | D        | Noticed an eight-headed hydra
  2773 | D        | Killed a swamp dragon
  2773 | D        | Reached XP level 13. HP: 107/124 MP: 20/20
  2774 | D        | Noticed a giant leech
  2777 | D        | Noticed a seven-headed hydra
  2781 | D        | Killed a swamp dragon
  2784 | D        | Killed a swamp dragon
  2787 | D        | Killed a five-headed hydra
  2787 | D        | Reached skill level 19 in Armour
  2791 | D        | Killed an eight-headed hydra
  2792 | D        | Killed a wasp
  2793 | D        | Noticed a six-headed hydra
  2798 | D        | Killed a giant leech
  2803 | D        | Killed a seven-headed hydra
  2812 | D        | Killed a six-headed hydra
  2992 | D        | Noticed a water elemental
  2992 | D        | Noticed a harpy
  2992 | D        | Noticed a cyclops
  2992 | D        | Noticed a siren
  2992 | D        | Noticed a sea snake
  2992 | D        | Noticed a merfolk
  2997 | D        | Killed a water elemental
  3001 | D        | Killed a harpy
  3002 | D        | Noticed a snapping turtle
  3005 | D        | Killed a cyclops
  3006 | D        | Noticed a griffon
  3007 | D        | Noticed a merfolk
  3010 | D        | Killed a siren
  3014 | D        | Killed a sea snake
  3020 | D        | Killed a merfolk
  3028 | D        | Killed a snapping turtle
  3032 | D        | Killed a griffon
  3035 | D        | Killed a merfolk
  3137 | D        | Noticed Saint Roka
  3138 | D        | Noticed an orc sorcerer
  3139 | D        | Noticed an orc warrior
  3140 | D        | Noticed an orc warrior
  3174 | D        | Killed Saint Roka
  3174 | D        | Received a gift from Okawaru
  3174 | D        | Reached skill level 15 in Fighting
  3174 | D        | Reached skill level 20 in Armour
  3179 | D        | Killed an orc sorcerer
  3181 | D        | Killed an orc warrior
  3186 | D        | Killed an orc warrior
  3396 | D        | Noticed an entropy weaver
  3396 | D        | Noticed a necromancer
  3396 | D        | Noticed a purple ugly thing
  3396 | D        | Noticed a stone giant
  3396 | D        | Noticed a yaktaur
  3396 | D        | Noticed a fire giant
  3403 | D        | Killed an entropy weaver
  3404 | D        | Noticed a stone giant
  3405 | D        | Noticed a stone giant
  3407 | D        | Killed a necromancer
  3408 | D        | Noticed a giant orange brain
  3411 | D        | Killed a purple ugly thing
  3413 | D        | Noticed an ice dragon
  3424 | D        | Killed a fire giant
  3425 | D        | Noticed a fire dragon
  3433 | D        | Killed a stone giant
  3436 | D        | Killed a yaktaur
  3437 | D        | Noticed a yaktaur captain
  3438 | D        | Noticed a rakshasa
  3443 | D        | Killed a stone giant
  3455 | D        | Killed a stone giant
  3460 | D        | Killed a giant orange brain
  3461 | D        | Noticed a purple ugly thing
  3477 | D        | Killed a fire dragon
  3479 | D        | Killed an ice dragon
  3479 | D        | Reached XP level 14. HP: 102/136 MP: 20/22
  3489 | D        | Killed a yaktaur captain
  3489 | D        | Received a gift from Okawaru
  3503 | D        | Killed a yaktaur captain
  3510 | D        | Noticed a stone giant
  3510 | D        | Killed a rakshasa
  3514 | D        | Killed a purple ugly thing
  3514 | D        | Reached skill level 21 in Armour
  3520 | D        | Noticed an ettin
  3521 | D        | Noticed a centaur warrior
  3529 | D        | Killed a stone giant
  3534 | D        | Killed an ettin
  3540 | D        | Killed a centaur warrior
  3568 | D        | Gained mutation: You tend to lose your temper in combat. [mutagenic meat]
  3569 | D        | Gained mutation: Your magical capacity is low (-10% MP). [mutagenic meat]
  3570 | D        | Gained mutation: Scrolls take you a little longer to read. [mutagenic meat]
  3571 | D        | Gained mutation: Your mind is acute. (Int +2) [mutagenic meat]
  3573 | D        | Gained mutation: You are partially covered in yellow scales (AC +2). [mutagenic meat]
  3806 | D        | Noticed a slime creature
  3806 | D        | Noticed a wolf spider
  3806 | D        | Noticed a giant orange brain
  3806 | D        | Noticed an ogre mage
  3806 | D        | Noticed an ironheart preserver
  3806 | D        | Noticed an ironbrand convoker
  3812 | D        | Killed a slime creature
  3813 | D        | Noticed an orc knight
  3819 | D        | Killed a wolf spider
  3820 | D        | Noticed a yaktaur
  3821 | D        | Noticed a human
  3822 | D        | Killed a giant orange brain
  3824 | D        | Noticed a troll
  3831 | D        | Killed an ogre mage
  3837 | D        | Killed an ironheart preserver
  3838 | D        | Noticed a hill giant
  3845 | D        | Killed an ironbrand convoker
  3849 | D        | Noticed an ogre mage
  3852 | D        | Killed an orc knight
  3853 | D        | Noticed a lich
  3857 | D        | Killed a yaktaur
  3858 | D        | Noticed a stone giant
  3862 | D        | Killed a human
  3863 | D        | Noticed an ironbrand convoker
  3866 | D        | Killed a troll
  3867 | D        | Noticed a yaktaur captain
  3876 | D        | Killed a lich
  3882 | D        | Killed a hill giant
  3882 | D        | Received a gift from Okawaru
  3894 | D        | Killed a stone giant
  3898 | D        | Killed an ogre mage
  3903 | D        | Killed an ironbrand convoker
  3903 | D        | Reached skill level 15 in Dodging
  3904 | D        | Noticed a freezing wraith
  3912 | D        | Killed a yaktaur captain
  3912 | D        | Reached skill level 22 in Armour
  3913 | D        | Noticed a boulder beetle
  3914 | D        | Noticed an ettin
  3919 | D        | Killed a freezing wraith
  3920 | D        | Noticed an orc knight
  3921 | D        | Noticed a griffon
  3937 | D        | Killed a boulder beetle
  3944 | D        | Killed an ettin
  3950 | D        | Killed an orc knight
  3955 | D        | Killed a griffon
  3992 | D        | Gained mutation: Your body sometimes deteriorates upon taking damage. [mutagenic meat]
  3993 | D        | Lost mutation: Scrolls take you a little longer to read. [mutagenic meat]
  3994 | D        | Gained mutation: You have very sharp teeth. [mutagenic meat]
  3995 | D        | Lost mutation: You tend to lose your temper in combat. [potion of cure mutation]
  3995 | D        | Lost mutation: Your magical capacity is low (-10% MP). [potion of cure mutation]
  3995 | D        | Lost mutation: Your mind is acute. (Int +2) [potion of cure mutation]
  3995 | D        | Lost mutation: You have a pair of large horns on your head. [potion of cure mutation]
  3995 | D        | Lost mutation: Your body sometimes deteriorates upon taking damage. [potion of cure mutation]
  3995 | D        | Lost mutation: You are partially covered in slimy green scales (AC +2). [potion of cure mutation]
  3995 | D        | Lost mutation: Your spells are a little easier to cast, but a little less powerful. [potion of cure mutation]
  4080 | D        | Noticed Mara
  4088 | D        | Noticed Kidiri's illusion
  4129 | D        | Killed Mara
  4148 | D        | Killed Kidiri's illusion
  4178 | D        | Killed Mara
  4192 | D        | Noticed Kidiri's illusion
  4220 | D        | Killed Mara
  4508 | D        | Got the +1 demon whip "Geukyrghaw" {elec, *Drain +Fly rElec SInv}
  4647 | D        | Noticed Xtahua
  4649 | D        | Noticed Frederick
  4663 | D        | Killed Xtahua
  4663 | D        | Received a gift from Okawaru
  4678 | D        | Killed Frederick
  4678 | D        | Received a gift from Okawaru
  4678 | D        | Reached skill level 23 in Armour
  4678 | D        | Reached XP level 15. HP: 142/147 MP: 24/24
  4680 | D        | Got a shimmering mace {god gift}
  4681 | D        | Lost intelligence.
  4681 | D        | Identified the +4 mace of Moderation {flame, rPois rC+ Int-5 SInv} (Okawaru gifted it to you in the Dungeon)
  4834 | D        | Noticed a swamp dragon
  4834 | D        | Noticed a swamp dragon
  4834 | D        | Noticed a swamp drake
  4834 | D        | Noticed an eight-headed hydra
  4834 | D        | Noticed a six-headed hydra
  4834 | D        | Noticed a swamp dragon
  4837 | D        | Killed a swamp dragon
  4838 | D        | Noticed a wasp
  4843 | D        | Killed a swamp dragon
  4844 | D        | Noticed a swamp dragon
  4846 | D        | Killed an eight-headed hydra
  4847 | D        | Noticed a swamp dragon
  4850 | D        | Killed a six-headed hydra
  4851 | D        | Noticed a swamp dragon
  4853 | D        | Killed a swamp drake
  4854 | D        | Noticed a seven-headed hydra
  4855 | D        | Noticed a swamp drake
  4860 | D        | Killed a swamp dragon
  4861 | D        | Noticed a swamp dragon
  4866 | D        | Killed a wasp
  4875 | D        | Killed a swamp dragon
  4880 | D        | Killed a swamp dragon
  4885 | D        | Killed a swamp dragon
  4890 | D        | Killed a seven-headed hydra
  4893 | D        | Killed a swamp drake
  4901 | D        | Killed a swamp dragon
  4907 | D        | Got a decaying rune of Zot
  4933 | D        | Noticed a merfolk aquamancer
  4933 | D        | Noticed a merfolk javelineer
  4933 | D        | Noticed a merfolk
  4933 | D        | Noticed a merfolk javelineer
  4933 | D        | Noticed a merfolk
  4933 | D        | Noticed a merfolk javelineer
  4934 | D        | Noticed Ilsuiw
  4938 | D        | Killed a merfolk aquamancer
  4940 | D        | Noticed a merfolk aquamancer
  4943 | D        | Killed a merfolk javelineer
  4943 | D        | Reached skill level 15 in Invocations
  4944 | D        | Noticed a merfolk aquamancer
  4951 | D        | Killed a merfolk javelineer
  4952 | D        | Noticed a merfolk aquamancer
  4956 | D        | Killed a merfolk
  4957 | D        | Noticed a merfolk impaler
  4974 | D        | Killed Ilsuiw
  4976 | D        | Noticed a merfolk javelineer
  4981 | D        | Killed a merfolk javelineer
  4986 | D        | Killed a merfolk aquamancer
  4994 | D        | Killed a merfolk aquamancer
  4994 | D        | Received a gift from Okawaru
  4995 | D        | Noticed a merfolk avatar
  5000 | D        | Killed a merfolk aquamancer
  5012 | D        | Killed a merfolk impaler
  5017 | D        | Killed a merfolk
  5026 | D        | Killed a merfolk javelineer
  5036 | D        | Killed a merfolk avatar
  5036 | D        | Reached skill level 24 in Armour
  5044 | D        | Got a barnacled rune of Zot
  5151 | D        | Noticed a greater naga
  5151 | D        | Noticed a naga warrior
  5151 | D        | Noticed a greater naga
  5151 | D        | Noticed a naga mage
  5151 | D        | Noticed a naga
  5151 | D        | Noticed a greater naga
  5159 | D        | Killed a greater naga
  5160 | D        | Noticed a greater naga
  5168 | D        | Killed a naga warrior
  5169 | D        | Noticed a naga warrior
  5169 | D        | Noticed a naga mage
  5175 | D        | Killed a greater naga
  5176 | D        | Noticed a naga
  5182 | D        | Killed a greater naga
  5183 | D        | Noticed a naga
  5188 | D        | Killed a greater naga
  5189 | D        | Noticed a naga warrior
  5190 | D        | Killed a naga mage
  5191 | D        | Noticed a naga
  5193 | D        | Killed a naga
  5201 | D        | Killed a naga warrior
  5204 | D        | Killed a naga mage
  5213 | D        | Killed a naga warrior
  5217 | D        | Killed a naga
  5220 | D        | Killed a naga
  5222 | D        | Killed a naga
  5229 | D        | Got a serpentine rune of Zot
  5256 | D        | Noticed an emperor scorpion
  5256 | D        | Noticed a wolf spider
  5256 | D        | Noticed a demonic crawler
  5256 | D        | Noticed a wolf spider
  5256 | D        | Noticed an emperor scorpion
  5256 | D        | Noticed a demonic crawler
  5266 | D        | Killed an emperor scorpion
  5266 | D        | Received a gift from Okawaru
  5268 | D        | Noticed a ghost moth
  5270 | D        | Killed a wolf spider
  5275 | D        | Killed a demonic crawler
  5276 | D        | Noticed a redback
  5279 | D        | Noticed an emperor scorpion
  5279 | D        | Killed a wolf spider
  5281 | D        | Noticed a ghost moth
  5290 | D        | Killed an emperor scorpion
  5293 | D        | Killed a demonic crawler
  5301 | D        | Killed a ghost moth
  5304 | D        | Killed a redback
  5305 | D        | Noticed a jumping spider
  5306 | D        | Noticed a jumping spider
  5309 | D        | Noticed a demonic crawler
  5311 | D        | Killed an emperor scorpion
  5311 | D        | Received a gift from Okawaru
  5322 | D        | Killed a ghost moth
  5322 | D        | Reached skill level 25 in Armour
  5326 | D        | Killed a jumping spider
  5332 | D        | Killed a demonic crawler
  5335 | D        | Got a gossamer rune of Zot
  5344 | D        | Killed a jumping spider
  5348 | D        | Gained mutation: You are agile. (Dex +2) [mutagenic meat]
  5349 | D        | Gained mutation: Armour fits poorly on your strangely shaped body. [mutagenic meat]
  5350 | D        | Gained mutation: You heal slowly when monsters are visible. [mutagenic meat]
  5351 | D        | Gained mutation: You can breathe flames. [mutagenic meat]
  5359 | D        | Lost mutation: You are agile. (Dex +2) [potion of cure mutation]
  5359 | D        | Lost mutation: You can breathe flames. [potion of cure mutation]
  5360 | D        | Lost mutation: Armour fits poorly on your strangely shaped body. [potion of cure mutation]
  5360 | D        | Lost mutation: You have very sharp teeth. [potion of cure mutation]
  5360 | D        | Lost mutation: You heal slowly when monsters are visible. [potion of cure mutation]
  5410 | D        | Noticed Boris
  5474 | D        | Killed Boris
  5474 | D        | Reached XP level 16. HP: 93/160 MP: 20/27
  5769 | D        | Noticed a vault guard
  5769 | D        | Noticed a vault guard
  5769 | D        | Noticed a vault guard
  5769 | D        | Noticed a vault guard
  5769 | D        | Noticed a vault guard
  5769 | D        | Noticed a vault guard
  5772 | D        | Killed a vault guard
  5773 | D        | Noticed a vault guard
  5774 | D        | Noticed a vault guard
  5782 | D        | Killed a vault guard
  5783 | D        | Noticed a vault guard
  5786 | D        | Killed a vault guard
  5787 | D        | Noticed a vault guard
  5793 | D        | Killed a vault guard
  5793 | D        | Received a gift from Okawaru
  5798 | D        | Killed a vault guard
  5799 | D        | Noticed a vault guard
  5806 | D        | Killed a vault guard
  5807 | D        | Noticed a vault guard
  5814 | D        | Killed a vault guard
  5815 | D        | Noticed a vault guard
  5819 | D        | Killed a vault guard
  5820 | D        | Noticed a vault guard
  5826 | D        | Killed a vault guard
  5833 | D        | Killed a vault guard
  5834 | D        | Noticed a vault guard
  5837 | D        | Noticed a vault guard
  5843 | D        | Killed a vault guard
  5844 | D        | Noticed a vault guard
  5846 | D        | Noticed a vault guard
  5849 | D        | Killed a vault guard
  5851 | D        | Noticed a vault guard
  5854 | D        | Killed a vault guard
  5859 | D        | Killed a vault guard
  5860 | D        | Noticed a vault guard
  5863 | D        | Killed a vault guard
  5869 | D        | Killed a vault guard
  5869 | D        | Reached skill level 26 in Maces & Flails
  5874 | D        | Killed a vault guard
  5875 | D        | Noticed a vault guard
  5879 | D        | Noticed a vault guard
  5882 | D        | Killed a vault guard
  5884 | D        | Noticed a vault guard
  5886 | D        | Killed a vault guard
  5887 | D        | Noticed a vault guard
  5891 | D        | Noticed a vault guard
  5895 | D        | Killed a vault guard
  5895 | D        | Received a gift from Okawaru
  5900 | D        | Killed a vault guard
  5904 | D        | Killed a vault guard
  5907 | D        | Killed a vault guard
  5916 | D        | Killed a vault guard
  5923 | D        | Killed a vault guard
  6017 | D        | Noticed a vault warden
  6017 | D        | Noticed an eye of devastation
  6017 | D        | Noticed an ogre mage
  6017 | D        | Noticed a fire dragon
  6017 | D        | Noticed a vault sentinel
  6017 | D        | Noticed a stone giant
  6017 | D        | an eye of devastation changed into a death drake
  6024 | D        | Killed a vault warden
  6025 | D        | Noticed a vault sentinel
  6028 | D        | Noticed a frost giant
  6030 | D        | Noticed a frost giant
  6033 | D        | Killed an ogre mage
  6035 | D        | Noticed a frost giant
  6041 | D        | Killed a fire dragon
  6046 | D        | Killed a stone giant
  6049 | D        | Killed a frost giant
  6050 | D        | Noticed an ironheart preserver
  6055 | D        | Noticed a shadow dragon
  6058 | D        | Killed a vault sentinel
  6063 | D        | Noticed a shadow dragon
  6063 | D        | Killed a frost giant
  6065 | D        | Noticed a yaktaur
  6070 | D        | Noticed an ironbrand convoker
  6076 | D        | Killed a frost giant
  6077 | D        | Noticed a flayed ghost
  6081 | D        | Killed an ironheart preserver
  6082 | D        | Noticed a yaktaur captain
  6091 | D        | Killed a shadow dragon
  6097 | D        | Killed a vault sentinel
  6097 | D        | Reached skill level 27 in Armour
  6111 | D        | Killed a shadow dragon
  6111 | D        | Reached skill level 27 in Maces & Flails
  6111 | D        | Reached skill level 27 in Shields
  6114 | D        | Killed a yaktaur
  6120 | D        | Killed an ironbrand convoker
  6120 | D        | Received a gift from Okawaru
  6124 | D        | Killed a flayed ghost
  6126 | D        | Killed a yaktaur captain
  6142 | D        | Identified Duwnoana's Reference Book on the Flying Oath (You found it in the Dungeon)
  6174 | D        | Gained mutation: Scrolls take you a little longer to read. [mutagenic meat]
  6175 | D        | Gained mutation: You tend to lose your temper in combat. [mutagenic meat]
  6177 | D        | Gained mutation: Potions and wands are less effective at restoring your health. [mutagenic meat]
  6222 | D        | Noticed a deep elf fighter
  6222 | D        | Noticed a shadow dragon
  6222 | D        | Noticed a golden dragon
  6222 | D        | Noticed a boulder beetle
  6222 | D        | Noticed a flayed ghost
  6222 | D        | Noticed a shadow dragon
  6223 | D        | Noticed a yaktaur
  6224 | D        | Killed a deep elf fighter
  6234 | D        | Killed a golden dragon
  6235 | D        | Noticed a shadow dragon
  6244 | D        | Killed a shadow dragon
  6250 | D        | Killed a shadow dragon
  6254 | D        | Killed a boulder beetle
  6260 | D        | Killed a flayed ghost
  6277 | D        | Killed a shadow dragon
  6277 | D        | Received a gift from Okawaru
  6282 | D        | Killed a yaktaur
  6291 | D        | Gained mutation: You possess an exceptional clarity of mind. [mutagenic meat]
  6292 | D        | Gained mutation: You are partially covered in slimy green scales (AC +2). [mutagenic meat]
  6293 | D        | Lost mutation: You possess an exceptional clarity of mind. [mutagenic meat]
  6299 | D        | Got a silver rune of Zot
  6373 | D        | Noticed Jory
  6375 | D        | Noticed Norris
  6377 | D        | Noticed Louise
  6386 | D        | Killed Jory
  6386 | D        | Reached XP level 17. HP: 147/176 MP: 29/29
  6387 | D        | Noticed a necromancer
  6388 | D        | Noticed a hell knight
  6397 | D        | Noticed a necromancer
  6397 | D        | Killed Norris
  6403 | D        | Killed Louise
  6407 | D        | Killed a hell knight
  6410 | D        | Killed a necromancer
  6414 | D        | Killed a necromancer
  6417 | D        | Noticed Margery
  6418 | D        | Noticed a hell knight
  6419 | D        | Noticed a hell knight
  6420 | D        | Noticed a hell knight
  6430 | D        | Killed Margery
  6438 | D        | Killed a hell knight
  6443 | D        | Killed a hell knight
  6448 | D        | Killed a hell knight
  6740 | D        | Got the ring of Tosuatwe {rN+ AC+3 Int+4 Dex-5}
  6742 | D        | Got the amulet "Caggyddu" {Gourm *Contam rN+ Str+2 Stlth+}
  6744 | D        | Got the ring "Taliamee" {MP+9 Str+2 Stlth-}
  6746 | D        | Got the amulet of Daisies {Gourm rPois MR++ Str+3 Int-2}
  6748 | D        | Got the amulet of Zosium {Faith *Corrode rElec Str+8 Stlth-}
  6897 | D        | Noticed Nikola
  6904 | D        | Noticed Mennas
  6916 | D        | Killed Nikola
  6955 | D        | Killed Mennas
  6955 | D        | Received a gift from Okawaru
  7019 | D        | Noticed a cyclops
  7019 | D        | Noticed a giant frog
  7019 | D        | Noticed an efreet
  7019 | D        | Noticed a brain worm
  7019 | D        | Noticed a freezing wraith
  7020 | D        | Noticed a gargoyle
  7025 | D        | Killed a cyclops
  7026 | D        | Noticed a wyvern
  7026 | D        | Killed a giant frog
  7027 | D        | Noticed a manticore
  7032 | D        | Killed an efreet
  7033 | D        | Killed a brain worm
  7039 | D        | Killed a freezing wraith
  7044 | D        | Killed a gargoyle
  7046 | D        | Killed a wyvern
  7050 | D        | Killed a manticore
  7110 | D        | Noticed an ice dragon
  7110 | D        | Noticed a golden dragon
  7110 | D        | Noticed a bone dragon
  7110 | D        | Noticed a mottled dragon
  7110 | D        | Noticed a fire dragon
  7110 | D        | Noticed a fire dragon
  7111 | D        | Noticed a black draconian
  7124 | D        | Noticed a white draconian
  7142 | D        | Killed a bone dragon
  7143 | D        | Noticed a green draconian
  7157 | D        | Killed a golden dragon
  7158 | D        | Noticed a white draconian
  7163 | D        | Killed an ice dragon
  7164 | D        | Noticed a black draconian
  7173 | D        | Killed a fire dragon
  7174 | D        | Noticed a purple draconian
  7178 | D        | Killed a fire dragon
  7186 | D        | Killed a black draconian
  7192 | D        | Killed a white draconian
  7197 | D        | Killed a green draconian
  7206 | D        | Killed a white draconian
  7216 | D        | Killed a black draconian
  7230 | D        | Killed a purple draconian
  7232 | D        | Killed a mottled dragon
  7403 | D        | Noticed a purple draconian
  7403 | D        | Noticed a mottled draconian
  7403 | D        | Noticed a mottled draconian
  7403 | D        | Noticed a red draconian
  7403 | D        | Noticed a moth of wrath
  7403 | D        | Noticed a death cob
  7409 | D        | Killed a purple draconian
  7413 | D        | Noticed a white draconian
  7422 | D        | Killed a mottled draconian
  7431 | D        | Killed a mottled draconian
  7442 | D        | Killed a red draconian
  7445 | D        | Killed a moth of wrath
  7458 | D        | Killed a death cob
  7463 | D        | Killed a white draconian
  7675 | D        | Noticed an ice dragon
  7675 | D        | Noticed a tentacled monstrosity
  7675 | D        | Noticed a storm dragon
  7675 | D        | Noticed a purple draconian
  7675 | D        | Noticed a curse toe
  7675 | D        | Noticed an ice dragon
  7691 | D        | Killed a tentacled monstrosity
  7692 | D        | Noticed an electric golem
  7699 | D        | Noticed a fire dragon
  7701 | D        | Killed a storm dragon
  7704 | D        | Killed an ice dragon
  7712 | D        | Killed a purple draconian
  7729 | D        | Killed a curse toe
  7732 | D        | Killed an electric golem
  7732 | D        | Reached skill level 27 in Fighting
  7732 | D        | Reached XP level 18. HP: 130/200 MP: 29/32
  7735 | D        | Killed an ice dragon
  7739 | D        | Killed a fire dragon
  7989 | D        | Noticed a tentacled monstrosity
  7989 | D        | Noticed a black draconian
  7989 | D        | Noticed a black draconian
  7989 | D        | Noticed a white draconian
  7989 | D        | Noticed a white draconian
  7989 | D        | Noticed a mottled draconian annihilator
  7997 | D        | Killed a tentacled monstrosity
  7998 | D        | Noticed a fire dragon
  8004 | D        | Killed a black draconian
  8004 | D        | Received a gift from Okawaru
  8005 | D        | Got a transparent plate armour {god gift}
  8006 | D        | Noticed an ice dragon
  8007 | D        | Noticed a purple draconian caller
  8023 | D        | Killed a mottled draconian annihilator
  8026 | D        | Killed a black draconian
  8034 | D        | Killed a white draconian
  8043 | D        | Killed a white draconian
  8049 | D        | Killed a fire dragon
  8060 | D        | Killed an ice dragon
  8069 | D        | Killed a purple draconian caller
  8081 | D        | Identified the +1 plate armour of Ystrin {Int+4 Dex+4} (Okawaru gifted it to you in the Dungeon)
  8124 | D        | Noticed a storm dragon
  8124 | D        | Noticed a golden dragon
  8124 | D        | Noticed a black draconian caller
  8124 | D        | Noticed an ice dragon
  8124 | D        | Noticed a green draconian
  8124 | D        | Noticed a shadow dragon
  8135 | D        | Killed a storm dragon
  8136 | D        | Noticed a storm dragon
  8138 | D        | Noticed a tentacled monstrosity
  8150 | D        | Killed a golden dragon
  8151 | D        | Noticed a yellow draconian
  8155 | D        | Killed a black draconian caller
  8159 | D        | Killed an ice dragon
  8176 | D        | Killed a green draconian
  8190 | D        | Killed a tentacled monstrosity
  8190 | D        | Reached skill level 27 in Dodging
  8199 | D        | Killed a shadow dragon
  8211 | D        | Killed a storm dragon
  8216 | D        | Killed a yellow draconian
  8463 | D        | Noticed an Orb Guardian
  8463 | D        | Noticed an Orb Guardian
  8463 | D        | Noticed an Orb Guardian
  8463 | D        | Noticed an Orb Guardian
  8463 | D        | Noticed an Orb Guardian
  8463 | D        | Noticed an Orb Guardian
  8470 | D        | Killed an Orb Guardian
  8471 | D        | Noticed an Orb Guardian
  8477 | D        | Killed an Orb Guardian
  8486 | D        | Killed an Orb Guardian
  8486 | D        | Reached skill level 27 in Invocations
  8492 | D        | Killed an Orb Guardian
  8493 | D        | Noticed an Orb Guardian
  8502 | D        | Killed an Orb Guardian
  8502 | D        | Received a gift from Okawaru
  8502 | D        | Reached skill level 5 in Evocations
  8513 | D        | Killed an Orb Guardian
  8514 | D        | Noticed an Orb Guardian
  8525 | D        | Killed an Orb Guardian
  8526 | D        | Noticed an Orb Guardian
  8533 | D        | Killed an Orb Guardian
  8543 | D        | Killed an Orb Guardian
  8543 | D        | Reached skill level 10 in Throwing
  8546 | D        | Killed an Orb Guardian
  8546 | D        | Reached skill level 10 in Evocations
  8552 | D        | Noticed a tentacled monstrosity
  8552 | D        | Noticed a tentacled monstrosity
  8552 | D        | Noticed an Orb Guardian
  8552 | D        | Noticed an Orb Guardian
  8552 | D        | Noticed an ice dragon
  8552 | D        | Noticed a moth of wrath
  8564 | D        | Killed a tentacled monstrosity
  8565 | D        | Noticed an Orb Guardian
  8572 | D        | Killed a tentacled monstrosity
  8573 | D        | Noticed an Orb Guardian
  8579 | D        | Killed an Orb Guardian
  8591 | D        | Killed an Orb Guardian
  8601 | D        | Killed an ice dragon
  8610 | D        | Killed an Orb Guardian
  8610 | D        | Received a gift from Okawaru
  8617 | D        | Killed an Orb Guardian
  8623 | D        | Killed a moth of wrath
  8839 | D        | Noticed an ancient lich
  8853 | D        | Killed an ancient lich
  8853 | D        | Reached skill level 15 in Throwing
  8853 | D        | Reached XP level 19. HP: 186/207 MP: 30/35
  8859 | D        | Noticed an orb of fire
  8859 | D        | Gained mutation: You are dopey. (Int -2) [an orb of fire]
  8860 | D        | Gained mutation: Scrolls take you longer to read. [an orb of fire]
  8870 | D        | Gained mutation: You often lose your temper in combat. [an orb of fire]
  8893 | D        | Killed an orb of fire
  8893 | D        | Reached skill level 15 in Evocations
  8894 | D        | Lost mutation: You are partially covered in yellow scales (AC +2). [potion of cure mutation]
  8894 | D        | Lost mutation: You often lose your temper in combat. [potion of cure mutation]
  8894 | D        | Lost mutation: Scrolls take you longer to read. [potion of cure mutation]
  8895 | D        | Lost mutation: Scrolls take you a little longer to read. [potion of cure mutation]
  8895 | D        | Lost mutation: You tend to lose your temper in combat. [potion of cure mutation]
  8895 | D        | Lost mutation: You are partially covered in slimy green scales (AC +2). [potion of cure mutation]
  8895 | D        | Lost mutation: You are dopey. (Int -2) [potion of cure mutation]
  8895 | D        | Lost mutation: Potions and wands are less effective at restoring your health. [potion of cure mutation]
  8895 | D        | Lost mutation: Your flesh is cold resistant. [potion of cure mutation]
  9137 | D        | Noticed an electric golem
  9145 | D        | Killed an electric golem
  9148 | D        | Noticed a fire dragon
  9148 | D        | Noticed a yellow draconian scorcher
  9148 | D        | Noticed a moth of wrath
  9148 | D        | Noticed a moth of wrath
  9148 | D        | Noticed an ancient lich
  9148 | D        | Noticed an ancient lich
  9155 | D        | Killed a fire dragon
  9162 | D        | Killed a yellow draconian scorcher
  9162 | D        | Received a gift from Okawaru
  9164 | D        | Noticed an orb of fire
  9172 | D        | Noticed a golden dragon
  9175 | D        | Killed an ancient lich
  9176 | D        | Noticed a Killer Klown
  9179 | D        | Killed a moth of wrath
  9192 | D        | Killed an ancient lich
  9196 | D        | Noticed a ghost moth
  9210 | D        | Noticed an ancient lich
  9214 | D        | Killed an orb of fire
  9216 | D        | Noticed a Killer Klown
  9219 | D        | Noticed a Killer Klown
  9234 | D        | Noticed an Orb Guardian
  9239 | D        | Killed a Killer Klown
  9254 | D        | Killed a golden dragon
  9265 | D        | Killed an ancient lich
  9267 | D        | Killed a moth of wrath
  9273 | D        | Killed a ghost moth
  9282 | D        | Killed an Orb Guardian
  9306 | D        | Killed a Killer Klown
  9312 | D        | Killed a Killer Klown
  9480 | D        | Noticed an Orb Guardian
  9480 | D        | Noticed an Orb Guardian
  9480 | D        | Noticed an Orb Guardian
  9480 | D        | Noticed an Orb Guardian
  9480 | D        | Noticed an Orb Guardian
  9480 | D        | Noticed an Orb Guardian
  9484 | D        | Killed an Orb Guardian
  9485 | D        | Noticed a moth of wrath
  9494 | D        | Killed an Orb Guardian
  9495 | D        | Noticed an Orb Guardian
  9502 | D        | Killed an Orb Guardian
  9502 | D        | Received a gift from Okawaru
  9509 | D        | Killed an Orb Guardian
  9510 | D        | Noticed an Orb Guardian
  9521 | D        | Killed an Orb Guardian
  9535 | D        | Killed an Orb Guardian
  9535 | D        | Received a gift from Okawaru
  9548 | D        | Killed an Orb Guardian
  9549 | D        | Noticed an Orb Guardian
  9561 | D        | Killed an Orb Guardian
  9562 | D        | Noticed an Orb Guardian
  9573 | D        | Killed an Orb Guardian
  9574 | D        | Noticed an Orb Guardian
  9580 | D        | Killed an Orb Guardian
  9580 | D        | Reached XP level 20. HP: 133/216 MP: 36/36
  9581 | D        | Noticed a moth of wrath
  9584 | D        | Killed a moth of wrath
  9585 | D        | Noticed an Orb Guardian
  9593 | D        | Killed an Orb Guardian
  9599 | D        | Killed an Orb Guardian
  9602 | D        | Killed a moth of wrath
 11132 | D        | Fell from the grace of Okawaru
 11132 | D        | Became a worshipper of the Shining One
 14432 | D        | Noticed a lich
 14432 | D        | Noticed a lich
 14432 | D        | Acquired the Shining One's first power
 14432 | D        | Noticed a lich
 14432 | D        | Noticed a vampire knight
 14432 | D        | Noticed a vampire knight
 14432 | D        | Acquired the Shining One's second power
 14432 | D        | Noticed a vampire knight
 14433 | D        | Noticed a vampire knight
 14437 | D        | Killed a lich
 14438 | D        | Killed a lich
 14444 | D        | Noticed a vampire knight
 14444 | D        | Killed a lich
 14444 | D        | Acquired the Shining One's third power
 14446 | D        | Killed a vampire knight
 14452 | D        | Killed a vampire knight
 14454 | D        | Killed a vampire knight
 14456 | D        | Noticed a lich
 14457 | D        | Killed a vampire knight
 14457 | D        | Acquired the Shining One's fourth power
 14458 | D        | Noticed a vampire knight
 14460 | D        | Killed a vampire knight
 14463 | D        | Noticed a vampire knight
 14467 | D        | Killed a lich
 14470 | D        | Killed a vampire knight
 14475 | D        | Killed a vampire knight
 14499 | D        | Noticed a spriggan baker
 14499 | D        | Noticed a spriggan baker
 14499 | D        | Noticed a spriggan baker
 14499 | D        | Noticed a spriggan baker
 14499 | D        | Noticed a spriggan baker
 14499 | D        | Noticed a spriggan baker
 14501 | D        | Killed a spriggan baker
 14504 | D        | Noticed a spriggan baker
 14504 | D        | Killed a spriggan baker
 14505 | D        | Killed a spriggan baker
 14506 | D        | Killed a spriggan baker
 14509 | D        | Killed a spriggan baker
 14512 | D        | Noticed a spriggan baker
 14512 | D        | Killed a spriggan baker
 14514 | D        | Killed a spriggan baker
 14515 | D        | Noticed a spriggan baker
 14516 | D        | Killed a spriggan baker
 14518 | D        | Noticed a spriggan baker
 14519 | D        | Killed a spriggan baker
 14520 | D        | Noticed a spriggan baker
 14525 | D        | Killed a spriggan baker
 14525 | D        | Reached skill level 27 in Throwing
 14527 | D        | Killed a spriggan baker
 14547 | D        | Noticed a deep elf master archer
 14547 | D        | Noticed a deep elf high priest
 14547 | D        | Noticed a deep elf sorcerer
 14547 | D        | Noticed a deep elf master archer
 14547 | D        | Noticed a deep elf demonologist
 14547 | D        | Noticed a deep elf high priest
 14548 | D        | Noticed a deep elf blademaster
 14553 | D        | Noticed a deep elf sorcerer
 14553 | D        | Killed a deep elf master archer
 14554 | D        | Killed a deep elf master archer
 14563 | D        | Killed a deep elf blademaster
 14564 | D        | Noticed a deep elf high priest
 14567 | D        | Killed a deep elf sorcerer
 14571 | D        | Killed a deep elf demonologist
 14575 | D        | Killed a deep elf sorcerer
 14576 | D        | Noticed a deep elf demonologist
 14578 | D        | Killed a deep elf high priest
 14583 | D        | Noticed a deep elf high priest
 14584 | D        | Noticed a deep elf high priest
 14586 | D        | Killed a deep elf high priest
 14587 | D        | Noticed a deep elf high priest
 14590 | D        | Killed a deep elf demonologist
 14591 | D        | Noticed a deep elf high priest
 14592 | D        | Killed a deep elf high priest
 14592 | D        | Reached skill level 27 in Evocations
 14592 | D        | Reached skill level 1 in Stealth
 14592 | D        | Reached skill level 1 in Unarmed Combat
 14600 | D        | Killed a deep elf high priest
 14600 | D        | Reached skill level 1 in Spellcasting
 14604 | D        | Killed a deep elf high priest
 14611 | D        | Killed a deep elf high priest
 14616 | D        | Killed a deep elf high priest
 14623 | D        | Got an elven rune of Zot
 18234 | D        | Noticed a death ooze
 18234 | D        | Noticed a death ooze
 18234 | D        | Noticed an acid blob
 18234 | D        | Noticed an eye of draining
 18234 | D        | Noticed an azure jelly
 18234 | D        | Noticed a death ooze
 18236 | D        | Killed a death ooze
 18236 | D        | Reached skill level 5 in Unarmed Combat
 18238 | D        | Killed a death ooze
 18239 | D        | Noticed an acid blob
 18243 | D        | Killed an acid blob
 18243 | D        | Reached skill level 5 in Stealth
 18247 | D        | Killed an azure jelly
 18251 | D        | Killed an acid blob
 18251 | D        | Reached skill level 5 in Spellcasting
 18252 | D        | Noticed a death ooze
 18254 | D        | Killed an eye of draining
 18256 | D        | Killed a death ooze
 18257 | D        | Noticed the royal jelly
 18258 | D        | Noticed an acid blob
 18259 | D        | Killed a death ooze
 18260 | D        | Noticed a golden eye
 18264 | D        | Noticed an acid blob
 18270 | D        | Killed an acid blob
 18287 | D        | Killed a golden eye
 18301 | D        | Killed an acid blob
 18301 | D        | Reached skill level 10 in Unarmed Combat
 18376 | D        | Killed the royal jelly
 18376 | D        | Reached skill level 10 in Stealth
 18735 | D        | Noticed an acid blob
 18736 | D        | Noticed an azure jelly
 18737 | D        | Noticed an acid blob
 18742 | D        | Killed an acid blob
 18746 | D        | Killed an azure jelly
 18747 | D        | Noticed an azure jelly
 18749 | D        | Killed an acid blob
 18750 | D        | Noticed a golden eye
 18751 | D        | Noticed an azure jelly
 18754 | D        | Killed an azure jelly
 18755 | D        | Killed a golden eye
 18758 | D        | Killed an azure jelly
 18762 | D        | Got a slimy rune of Zot
 18911 | D        | Noticed a sphinx
 18911 | D        | Noticed a sphinx
 18911 | D        | Noticed a sphinx
 18911 | D        | Noticed a sphinx
 18911 | D        | Noticed a sphinx
 18911 | D        | Noticed a sphinx
 18915 | D        | Killed a sphinx
 18918 | D        | Noticed a sphinx
 18918 | D        | Killed a sphinx
 18918 | D        | Reached skill level 10 in Spellcasting
 18919 | D        | Noticed a sphinx
 18921 | D        | Noticed a sphinx
 18922 | D        | Killed a sphinx
 18925 | D        | Killed a sphinx
 18925 | D        | Reached skill level 15 in Unarmed Combat
 18928 | D        | Noticed a sphinx
 18929 | D        | Killed a sphinx
 18932 | D        | Killed a sphinx
 18934 | D        | Noticed a sphinx
 18939 | D        | Killed a sphinx
 18943 | D        | Killed a sphinx
 18943 | D        | Reached XP level 21. HP: 138/224 MP: 37/37
 18946 | D        | Killed a sphinx
 18951 | D        | Killed a sphinx
 18952 | D        | Noticed a sphinx
 18959 | D        | Killed a sphinx
 18963 | D        | Killed a sphinx
 22785 | D        | Noticed a guardian mummy
 22785 | D        | Noticed a guardian mummy
 22785 | D        | Noticed a guardian mummy
 22785 | D        | Noticed a guardian mummy
 22785 | D        | Noticed a guardian mummy
 22785 | D        | Noticed a guardian mummy
 22786 | D        | Killed a guardian mummy
 22787 | D        | Noticed a guardian mummy
 22790 | D        | Killed a guardian mummy
 22791 | D        | Noticed a guardian mummy
 22792 | D        | Killed a guardian mummy
 22797 | D        | Killed a guardian mummy
 22800 | D        | Killed a guardian mummy
 22800 | D        | Reached skill level 15 in Stealth
 22801 | D        | Noticed a guardian mummy
 22802 | D        | Killed a guardian mummy
 22803 | D        | Noticed a guardian mummy
 22805 | D        | Killed a guardian mummy
 22809 | D        | Killed a guardian mummy
 22810 | D        | Killed a guardian mummy
 22812 | D        | Killed a guardian mummy
 22818 | D        | Noticed a guardian mummy
 22818 | D        | Noticed a guardian mummy
 22818 | D        | Noticed a mummy priest
 22818 | D        | Noticed a guardian mummy
 22818 | D        | Noticed a mummy priest
 22818 | D        | Noticed a guardian mummy
 22819 | D        | Killed a guardian mummy
 22820 | D        | Noticed a guardian mummy
 22822 | D        | Killed a guardian mummy
 22829 | D        | Noticed a guardian mummy
 22830 | D        | Killed a mummy priest
 22833 | D        | Killed a guardian mummy
 22834 | D        | Noticed a guardian mummy
 22835 | D        | Killed a mummy priest
 22840 | D        | Killed a guardian mummy
 22844 | D        | Killed a guardian mummy
 22846 | D        | Killed a guardian mummy
 22850 | D        | Killed a guardian mummy
 22859 | D        | Noticed a mummy priest
 22859 | D        | Noticed a guardian mummy
 22859 | D        | Noticed a guardian mummy
 22859 | D        | Noticed a greater mummy
 22859 | D        | Noticed a mummy priest
 22859 | D        | Noticed a greater mummy
 22861 | D        | Killed a mummy priest
 22862 | D        | Noticed a greater mummy
 22865 | D        | Killed a guardian mummy
 22867 | D        | Killed a guardian mummy
 22872 | D        | Killed a greater mummy
 22881 | D        | Noticed a greater mummy
 22886 | D        | Noticed a mummy priest
 22889 | D        | Killed a mummy priest
 22935 | D        | HP: 8/224 [merfolk/trident[the fury of Okawaru] (8)]
 22992 | D        | HP: 3/224 [greater mummy/divine providence (14)]
 23506 | D        | Killed a greater mummy
 23863 | D        | Killed a greater mummy
 23899 | D        | Killed a greater mummy
 24088 | D        | Killed a mummy priest
 24131 | D        | Got a golden rune of Zot
 24135 | D        | Noticed a tentacled starspawn
 24135 | D        | Noticed a sun demon
 24135 | D        | Noticed a tentacled starspawn
 24135 | D        | Noticed a freezing wraith
 24135 | D        | Noticed an ancient zyme
 24135 | D        | Noticed a wandering mushroom
 24138 | D        | Killed a tentacled starspawn
 24139 | D        | Noticed a wretched star
 24145 | D        | Killed a tentacled starspawn
 24146 | D        | Noticed a small abomination
 24148 | D        | Killed a sun demon
 24149 | D        | Killed a freezing wraith
 24152 | D        | Killed an ancient zyme
 24153 | D        | Noticed a large abomination
 24154 | D        | Noticed an ancient zyme
 24155 | D        | Noticed a thrashing horror
 24158 | D        | Killed a wandering mushroom
 24165 | D        | Killed a wretched star
 24167 | D        | Killed a small abomination
 24170 | D        | Killed a large abomination
 24176 | D        | Killed an ancient zyme
 24178 | D        | Killed a thrashing horror
 24181 | D        | Got an abyssal rune of Zot
 24460 | D        | Noticed Geryon
 24477 | D        | Killed Geryon
 28294 | D        | Noticed Lom Lobon
 28294 | D        | Noticed Antaeus
 28295 | D        | Noticed Gloorx Vloq
 28298 | D        | Engulfed by Lom Lobon's freezing vapour

Vault maps used:
D:        linesprint

Action                   |  1- 3 |  4- 6 |  7- 9 | 10-12 | 13-15 | 16-18 | 19-21 || total
-------------------------+-------+-------+-------+-------+-------+-------+-------++-------
Melee: Flail             |    11 |     9 |       |       |       |       |       ||    20
       Morningstar       |       |    17 |   110 |   175 |       |       |       ||   302
       Demon whip        |       |       |       |   226 |   813 |   953 |   296 ||  2288
       Eveningstar       |       |       |       |       |       |       |   643 ||   643
Invok: Heroism           |       |     1 |     2 |    10 |    12 |    15 |       ||    40
       Finesse           |       |       |       |     9 |    12 |    14 |     2 ||    37
       Divine Shield     |       |       |       |       |       |       |     3 ||     3
       Cleansing Flame   |       |       |       |       |       |       |     3 ||     3
       Summon Divine War |       |       |       |       |       |       |     2 ||     2
Evoke: Wand              |       |       |       |       |     1 |       |       ||     1
  Use: Scroll            |       |       |     3 |     3 |     4 |     3 |     1 ||    14
       Potion            |       |       |       |     2 |     5 |     1 |    17 ||    25
 Stab: Confused          |       |       |       |       |     1 |       |       ||     1
  Eat: Chunk             |       |       |     2 |    11 |    17 |    25 |     4 ||    59
       Bread ration      |       |       |       |     1 |     1 |     4 |     8 ||    14
       Fruit             |       |       |       |       |       |       |     7 ||     7
       Meat ration       |       |       |       |       |       |       |     2 ||     2
